 Dungeon Crawl Stone Soup version 0.24.1-14-gf8d2b509d9 (webtiles) character file.

Game seed: 10396834191225023805, levelgen mode: deterministic

54 KlarStein the Slasher (level 3, 0/29 HPs)
             Began as a Demonspawn Berserker on Dec 10, 2020.
             Was a Follower of Trog.
             Succumbed to an adder's poison
             ... on level 2 of the Dungeon.
             The game lasted 00:04:00 (972 turns).

KlarStein the Slasher (Demonspawn Berserker)         Turns: 972, Time: 00:04:01

Health: 0/29       AC:  3    Str: 16 (17) XL:     3   Next: 66%
Magic:  3/3        EV: 14    Int:  6 (8)  God:    Trog [*.....]
Gold:   43         SH:  0    Dex: 13 (15) Spells: 2/2 levels left

rFire    . . .     SeeInvis .   a - +0 falchion
rCold    . . .     Gourm    .   (no shield)
rNeg     . . .     Faith    .   j - +0 leather armour
rPois    .         Spirit   .   (helmet restricted)
rElec    .         Reflect  .   (no cloak)
rCorr    .         Harm     .   (no gloves)
MR       .....                  (no boots)
Stlth    +.........             (no amulet)
HPRegen  0.09/turn              (no ring)
MPRegen  0.08/turn              (no ring)

@: lethally poisoned (0 -> -1), berserk cooldown, flying, slowed, very slow
A: horns 1, repulsion field 1, agile 1, evolution 1, MP-powered wands
a: Berserk, Renounce Religion


You were on level 2 of the Dungeon.
You worshipped Trog.
Trog was aware of your devotion.
You were not hungry.

You visited 1 branch of the dungeon, and saw 2 of its levels.

You collected 43 gold pieces.

Inventory:

Hand Weapons
 a - a +0 falchion (weapon)
Armour
 j - a +0 leather armour (worn)
Jewellery
 h - a +5 ring of intelligence {unknown}
Scrolls
 g - a scroll of remove curse {unknown}
 i - a scroll of magic mapping {unknown}
Potions
 d - a potion of degeneration
Comestibles
 c - a ration


   Skills:
 + Level 3.3 Fighting
 * Level 3.4 Long Blades
 + Level 2.2 Armour
 + Level 2.2 Dodging


You had 2 spell levels left.
You didn't know any spells.
Your spell library was empty.

Dungeon Overview and Level Annotations

Branches:
Dungeon (2/15)

Altars:


Innate Abilities, Weirdness & Mutations

You are surrounded by a mild repulsion field. (EV +2)
You have a pair of small horns on your head.
You are agile. (Dex +2)
You evolve.
You expend magic power (3 MP) to strengthen your wands.


Message History

You feel sick.
It was a potion of flight.
You feel very buoyant.
You fly up into the air.
* * * LOW HITPOINT WARNING * * *
You feel sick.
* * * LOW HITPOINT WARNING * * *
You feel sick.
* * * LOW HITPOINT WARNING * * *
You feel sick.
* * * LOW HITPOINT WARNING * * *
You feel sick.
* * * LOW HITPOINT WARNING * * *
You feel sick.
There is a lethal amount of poison in your body!
* * * LOW HITPOINT WARNING * * *
You feel sick.
* * * LOW HITPOINT WARNING * * *
You feel sick.
You die...

........###....###.#
................##.#
.....<..###....###.#
.###..#.###....# #.#
#......#.#### #.#
#..#........###.#######
#..#####.#.............
#..#####.######.## .#
#............@...# .#
#.######.######..###.####
#.##.............#
#.##.###..###)#### #.#
#..# .# #.# ..... .# #.#
###..## .# #. #..# .#
#..# .#


There were no monsters in sight!

Vanquished Creatures
  4 adders (D:2)
  An ooze (D:1)
  A ball python (D:1)
  A giant cockroach (D:2)
  3 goblins (D:1)
  A hobgoblin (D:1)
  A quokka (D:2)
  A bat (D:1)
  2 kobolds
  A rat (D:1)
16 creatures vanquished.

Notes
Turn   | Place    | Note
-------+----------+-------------------------------------------
     0 | D:1      | KlarStein the Demonspawn Berserker began the quest for the
                  | Orb.
     0 | D:1      | Reached XP level 1. HP: 18/18 MP: 1/1
   316 | D:1      | Gained mutation: You are surrounded by a mild repulsion
                  | field. (EV +2) [demonic ancestry]
   316 | D:1      | Reached XP level 2. HP: 21/24 MP: 2/2
   788 | D:2      | Reached XP level 3. HP: 19/29 MP: 3/3
   958 | D:2      | Gained mutation: You evolve. [potion of mutation]
   958 | D:2      | Gained mutation: You expend magic power (3 MP) to
                  | strengthen your wands. [potion of mutation]
   958 | D:2      | Gained mutation: You have a pair of small horns on your
                  | head. [potion of mutation]
   958 | D:2      | Gained mutation: You are agile. (Dex +2) [potion of
                  | mutation]
   970 | D:2      | HP: 1/29 [poisoned by an adder]
   972 | D:2      | Succumbed to an adder's poison

Levels and vault maps discovered:
D:1:      dpeg_chamrin_arrival_tetris, layout_loops_ring
D:2:      layout_basic, lemuel_doored_altar

Skill      XL: |  1 |
---------------+----+-----
Long Blades    | 3 |  3.4
Armour         | 2 |  2.2
Dodging        | 2 |  2.2
Fighting       | |  3.3

Action                   || total
-------------------------++-------
Melee: Falchion          ||    46
Invok: Berserk           ||     2
  Use: Potion            ||     3
  Eat: Chunk             ||     2
Armor: Animal skin       ||     7
       Leather armour    ||     6
Dodge: Dodged            ||    45
       Rpst.: Falchion   ||    17
